 Dungeon Crawl Stone Soup version 0.31-a0-321-g19405a7a6a (webtiles) character file.

Game seed: 16914626866698294437

203 pokeman the Magician (level 5, -1/29 HPs)
             Began as a Deep Elf Hedge Wizard on July 17, 2023.
             Killed from afar by an orc wizard (9 damage)
             ... with a magic dart
             ... on level 4 of the Dungeon.
             The game lasted 00:05:06 (3131 turns).

pokeman the Magician (Deep Elf Hedge Wizard)        Turns: 3131, Time: 00:05:07

Health: -1/29      AC:  4    Str: 13    XL:     5   Next: 51%
Magic:  1/15       EV: 13    Int: 21    God:
Gold:   102        SH:  0    Dex: 14    Spells: 8/16 levels left

rFire   . . .        o - +1 short sword (holy)
rCold   . . .        (no shield)
rNeg    . . .        b - +0 robe
rPois   .            c - +0 hat
rElec   .            p - +0 cloak
rCorr   .            u - +0 pair of gloves
SInv    .            (no boots)
Will    .....        (no amulet)
Stlth   ++           n - +6 ring of strength
HPRegen 0.24/turn    (no ring)
MPRegen 0.14/turn

%: no passive effects
@: no status effects
A: no striking features
a: no special abilities


You were on level 4 of the Dungeon.
You visited 1 branch of the dungeon, and saw 4 of its levels.

You collected 102 gold pieces.

Inventory:

Hand Weapons
 a - a +2 quarterstaff of chaos
 o - a +1 short sword of holy wrath (weapon)
Missiles
 h - a throwing net
Armour
 b - a +0 robe (worn)
 c - a +0 hat (worn)
 p - a +0 cloak (worn)
 u - a +0 pair of gloves (worn)
Jewellery
 n - a +6 ring of strength (left hand)
Wands
 q - a wand of iceblast (4)
Scrolls
 e - a scroll of amnesia {unknown}
 g - a scroll of enchant armour {unknown}
 j - 2 scrolls of vulnerability {unknown}
 k - a scroll of poison {unknown}
 l - 4 scrolls of identify {unknown}
 m - a scroll of immolation {unknown}
Potions
 d - a potion of magic
 f - a potion of might {unknown}
 i - a potion of lignification {unknown}
 r - 2 potions of curing {unknown}
 s - a potion of degeneration {unknown}
 t - a potion of heal wounds {unknown}


   Skills:
 - Level 1.6 Fighting
 - Level 1.0 Armour
 - Level 3.1 Dodging
 + Level 2.6 Stealth
 * Level 6.3 Spellcasting
 + Level 2.7 Conjurations
 - Level 1.1 Summonings
 - Level 1.1 Translocations
 + Level 0.4 Air Magic


You had 8 spell levels left.
You knew the following spells:

 Your Spells              Type           Power      Damage    Failure   Level
a - Magic Dart            Conj           72%        1d6       3%          1
b - Mephitic Cloud        Conj/Pois/Air  11%        N/A       19%         3
c - Call Imp              Summ           22%        N/A       9%          2
d - Blink                 Tloc           22%        N/A       9%          2

Your spell library contained the following spells:

 Spells                   Type           Power      Damage    Failure   Level
 Slow                     Hex            24%        N/A       10%         1
 Cigotuvi's Dreadful Rot  Necr/Pois/Air  14%        N/A       14%         2
 Portal Projectile        Hex/Tloc       16%        N/A       22%         3
 Tukima's Dance           Hex            6%         N/A       28%         3
 Iskenderun's Mystic Bla  Conj/Tloc      14%        2d5       38%         4


Dungeon Overview and Level Annotations

Branches:
Dungeon (4/15)
 Temple: D:4-7

Altars:
Dithmenos
Gozag
Hepliaklqana
Trog
Zin


Message History

A tiny devil pulls itself out of the air.
You hit the orc priest but do no damage.
The orc priest is moderately wounded.
Your cerulean imp hits the orc priest but does no damage.
You hit the orc priest.
The orc priest is severely wounded.
Your cerulean imp closely misses the orc priest.
The orc priest closely misses you.
The orc priest barely misses your cerulean imp.
You strike the helpless orc priest from behind!
You hit the orc priest.
The orc priest is almost dead.
Your cerulean imp barely misses the orc priest.
You catch the helpless orc priest completely off-guard!
You hit the orc priest but do no damage.
The orc priest is almost dead.
Your cerulean imp hits the orc priest from afar with a -3 spear.
You hit the orc priest.
You kill the orc priest!
You start resting.
An orc wizard is nearby!
You swap places.
Your cerulean imp disappears in a puff of smoke!
Things that are here:
a +0 hand axe; a +0 leather armour
Casting: Call Imp (safe; 9% risk of failure)
Confirm with . or Enter, or press ? or * to list all spells.
The spell is quite dangerous to miscast (19% risk of failure)!
Continue anyway?
Aiming: Mephitic Cloud (quite dangerous; 19% risk of failure)
Press: ? - help, Shift-Dir - straight line, f - orc wizard
Aim: an orc wizard, wielding a +0 dagger and wearing a +0 robe (chance to affect: 86%)
The ball explodes into a vile cloud!
The stinking cloud engulfs the orc wizard but does no damage.
The orc wizard is engulfed in noxious fumes.
The orc wizard hits you with a +0 dagger.
* * * LOW HITPOINT WARNING * * *
You barely miss the orc wizard.
The orc wizard gestures at you while chanting.
The magic dart hits you!
You die...

............## #.
.............## ####
..........##..# ##...
........#####.####....
....### #..##.....
###### ##.##.....
#...#### #........
##...).##### #.)......
####.@o...####.##.....
###)○.......##.....
###○.....###.....
###...## ##..<. ###.#
#.... #.# ##... .(#
##.. .## ..


You could see an orc wizard.

Vanquished Creatures
  A scorpion (D:4)
  An orc priest (D:4)
  Crazy Yiuf (D:2)
  6 adders
  2 orcs (D:4)
  A ball python (D:2)
  3 endoplasms
  4 goblins
  4 hobgoblins
  3 kobolds
  3 quokkas (D:1)
  5 bats
  3 rats
37 creatures vanquished.

Notes
Turn   | Place    | Note
-------+----------+-------------------------------------------
     0 | D:1      | pokeman the Deep Elf Hedge Wizard began the quest for the
                  | Orb.
     0 | D:1      | Reached XP level 1. HP: 10/10 MP: 7/7
   422 | D:1      | Reached XP level 2. HP: 16/16 MP: 6/9
  1122 | D:2      | Reached skill level 5 in Spellcasting
  1130 | D:2      | Reached XP level 3. HP: 10/20 MP: 1/11
  1134 | D:2      | Learned a level 3 spell: Mephitic Cloud
  1137 | D:2      | Learned a level 2 spell: Call Imp
  1140 | D:2      | Learned a level 2 spell: Blink
  1592 | D:2      | Reached skill level 1 in Armour
  1717 | D:2      | Found a runed translucent door.
  1718 | D:2      | Noticed Crazy Yiuf
  1892 | D:2      | Killed Crazy Yiuf
  1893 | D:2      | Reached skill level 1 in Fighting
  1893 | D:2      | Reached XP level 4. HP: 15/25 MP: 5/13
  2219 | D:3      | Found a faded altar of an unknown god.
  2673 | D:3      | Found a bloodstained altar of Trog.
  2676 | D:3      | Found an opulent altar of Gozag.
  2680 | D:3      | Found a glowing silver altar of Zin.
  2765 | D:3      | Found a hazy altar of Hepliaklqana.
  2766 | D:3      | Found a shadowy altar of Dithmenos.
  2766 | D:3      | Noticed a shadow
  2937 | D:4      | Noticed a scorpion
  2955 | D:4      | Killed a scorpion
  2956 | D:4      | Reached skill level 6 in Spellcasting
  2956 | D:4      | Reached XP level 5. HP: 27/29 MP: 5/15
  3096 | D:4      | HP: 1/29 [orc priest/+0 hand axe (3)]
  3131 | D:4      | Killed from afar by an orc wizard

Illustrated notes

Levels and vault maps discovered:
D:1:      dpeg_arrival_short_road, layout_basic, chequers_serial_rivers_micro_c
D:2:      layout_basic, uniq_crazy_yiuf_cottage
D:3:      layout_loops_ring, riverfiend_overflow_shadow_ancestor,
          grunt_temple_overflow_diamond, basic_ecumenical_altar,
          nicolae_houndstooth_variations
D:4:      layout_cave_pods, gammafunk_temple_overflow_elements,
          minmay_temple_entry_butterflies, chequers_serial_rivers_room_a

Skill      XL: |  1  2  3  4 |
---------------+-------------+-----
Spellcasting   | 5 6 |  6.3
Armour         | 1 |  1.0
Fighting       | 1 |  1.6
Conjurations   | 2 |  2.7
Dodging        | 3 |  3.1
Stealth        | |  2.6
Summonings     | |  1.1
Translocations | |  1.1
Air Magic      | |  0.4

Action                     |  1- 3 |  4- 6 || total
---------------------------+-------+-------++-------
  Melee: Dagger            |    11 |       ||    11
         Short sword       |     4 |    23 ||    27
   Cast: Magic Dart        |    79 |    24 ||   103
         Call Imp          |     2 |     2 ||     4
         Mephitic Cloud    |     1 |     5 ||     6
   Stab: Confused          |     1 |     4 ||     5
 Armour: Robe              |     5 |     1 ||     6
  Dodge: Dodged            |    23 |     9 ||    32

Table legend: (Time is in decaauts)
 A = Elapsed time spent in this place.
 B = Non-inter-level travel time spent in this place.
 C = Inter-level travel time spent in this place.
 D = Time resting spent in this place.
 E = Time spent auto-exploring this place.
 F = Levels seen in this place.
 G = Mean time per level.
                   A        B        C        D        E       F      G
               +--------+--------+--------+--------+--------+-----+--------+
         Total |   3129 |   3050 |     79 |     59 |   2667 |   4 |  782.2 |
       Dungeon |   3129 |   3050 |     79 |     59 |   2667 |   4 |  782.2 |
               +--------+--------+--------+--------+--------+-----+--------+

Top non-repeatable levels by time:
     D:1: 1068 daAuts
     D:2: 952 daAuts
     D:3: 914 daAuts
     D:4: 193 daAuts
